 Dungeon Crawl Stone Soup version 0.22.1-2-g9c5b331 (webtiles) character file.

18 dvd the Digger (level 2, -1/22 HPs)
             Began as a Deep Dwarf Earth Elementalist on Nov 18, 2018.
             Slain by an ice beast (3 damage)
             ... on level 2 of the Dungeon.
             The game lasted 00:02:03 (804 turns).

dvd the Digger (Deep Dwarf Earth Elementalist)       Turns: 804, Time: 00:02:05

Health: -1/22      AC:  4    Str: 11    XL:     2   Next: 48%
Magic:  0/5        EV: 12    Int: 15    God:
Gold:   59         SH:  0    Dex: 13    Spells: 4/5 levels left

rFire    . . .     SeeInvis .   g - +0 whip
rCold    . . .     Gourm    .   (no shield)
rNeg     . . .     Faith    .   l - +0 leather armour
rPois    .         Spirit   .   i - +0 helmet
rElec    .         Reflect  .   (no cloak)
rCorr    .         Harm     .   (no gloves)
MR       .....                  (no boots)
Stlth    ++........             (no amulet)
HPRegen  0.00/turn              (no ring)
MPRegen  0.09/turn              (no ring)

@: non-regenerating
A: damage resistance, heal wounds, sense surroundings 1, no regeneration
a: Heal Wounds


You were on level 2 of the Dungeon.
You were not hungry.

You visited 1 branch of the dungeon, and saw 2 of its levels.

You collected 59 gold pieces.

Inventory:

Hand Weapons
 g - a +0 whip (weapon)
Missiles
 b - 32 stones (quivered)
Armour
 c - a +0 robe
 i - a +0 helmet (worn)
 l - a +0 leather armour (worn)
Scrolls
 a - a scroll of amnesia {unknown}
 e - a scroll of immolation {unknown}
 h - a scroll of magic mapping {unknown}
 m - a scroll of remove curse {unknown}
 n - 3 scrolls of teleportation {unknown}
 o - a scroll of noise {unknown}
 p - 2 scrolls of identify {unknown}
Potions
 f - a potion of magic {unknown}
 j - a potion of cancellation {unknown}
 k - a potion of lignification {unknown}
Comestibles
 d - 3 rations


   Skills:
 + Level 2.4 Dodging
 + Level 2.6 Stealth
 + Level 2.0 Spellcasting
   Level 0.8 Transmutations
 + Level 4.6 Earth Magic


You had 4 spell levels left.
You knew the following spells:

 Your Spells              Type           Power        Failure   Level  Hunger
a - Sandblast             Erth           ###...       4%          1    #......

Your spell library contained the following spells:

 Spells                   Type           Power        Failure   Level  Hunger
 Passwall                 Tmut/Erth      #.......     14%         2    ###....
 Stone Arrow              Conj/Erth      #.....       32%         3    ###....
 Petrify                  Tmut/Erth      #.......     67%         4    #####..
 Lee's Rapid Deconstruct  Erth           ###.......   75%         5    ######.


Dungeon Overview and Level Annotations

Branches:
Dungeon (2/15)

Altars:


Innate Abilities, Weirdness & Mutations

You are resistant to damage.
You can heal yourself by infusing magical energy.
You passively map a small area around you.
You do not regenerate.


Message History

Confirm with . or Enter, or press ? or * to list all spells.
Aiming: Sandblast (safe; 4% risk of failure)
Press: ? - help, Shift-Dir - straight line, f/p - ice beast
Aim: an ice beast (heavily wounded)
The blast of sand hits the ice beast.
The ice beast is almost dead.
b - 33 stones The ice beast hits you.
The ice beast freezes you!
* * * LOW HITPOINT WARNING * * *
Unknown command.
Casting: Sandblast (safe; 4% risk of failure)
Confirm with . or Enter, or press ? or * to list all spells.
Aiming: Sandblast (safe; 4% risk of failure)
Press: ? - help, Shift-Dir - straight line, f/p - ice beast
Aim: an ice beast (almost dead)
The blast of sand hits the ice beast.
The ice beast is almost dead.
b - 32 stones The ice beast hits you.
You die...

#...## ##.....## #.......#
#.......# #########
#.......# ........#
##.....## *
........#######.......######
...........@Y...............
........#######.......# *
........##...........##
........##..........## * *
######..##........###
##.##.)......# * *
#...........# ,
###.....w.<.# *, , ,,
#.........# ,


You could see an ice beast.

Vanquished Creatures
  2 leopard geckos
  A giant cockroach (D:1)
  4 jackals (D:1)
  2 bats (D:1)
  2 goblins (D:1)
  2 kobolds (D:1)
  2 rats (D:1)
15 creatures vanquished.

Notes
Turn   | Place    | Note
-------+----------+-------------------------------------------
     0 | D:1      | dvd the Deep Dwarf Earth Elementalist began the quest for
                  | the Orb.
     0 | D:1      | Reached XP level 1. HP: 15/15 MP: 3/3
   422 | D:1      | Reached XP level 2. HP: 22/22 MP: 2/4
   765 | D:2      | Noticed an ice beast
   804 | D:2      | Slain by an ice beast

Skill      XL: |  1  2 |
---------------+-------+-----
Spellcasting   | 2 |  2.0
Dodging        | |  2.4
Stealth        | |  2.6
Transmutations | |  0.8
Earth Magic    | |  4.6

Action                   || total
-------------------------++-------
Melee: Whip              ||    17
 Cast: Sandblast         ||    25
Armor: Leather armour    ||    12
Dodge: Dodged            ||    20
